 Dungeon Crawl Stone Soup version 0.28.0-47-ge53b351184 (webtiles) character file.

Game seed: 14619514859831183876

282 bobregger the Skirmisher (level 6, -10/99 HPs)
             Began as an Ogre Berserker on Apr 29, 2022.
             Was a Believer of Trog.
             Mangled by a two-headed ogre
             ... wielding a +0 giant club
              (16 damage)
             ... on level 5 of the Dungeon.
             The game lasted 00:03:11 (4699 turns).

bobregger the Skirmisher (Ogre Berserker)           Turns: 4699, Time: 00:03:11

Health: -10/99     AC:  3    Str: 22    XL:     6   Next: 28%
Magic:  6/6        EV: 10    Int:  8    God:    Trog [**....]
Gold:   115        SH:  0    Dex: 10    Spells: 5/5 levels left

rFire   . . .      SeeInvis .   a - +0 mace
rCold   . . .      Faith    .   (no shield)
rNeg    . . .      Spirit   .   b - +0 animal skin
rPois   .          Reflect  .   (helmet restricted)
rElec   .          Harm     .   (no cloak)
rCorr   +          Rampage  .   (gloves unavailable)
Will    .....                   (boots unavailable)
Stlth   ..........              (no amulet)
HPRegen 0.26/turn               f - ring of resist corrosion
MPRegen 0.10/turn               (no ring)

@: berserking, very quick
A: large, unfitting armour, tough skin 1
a: Renounce Religion, Berserk, Trog's Hand


You were on level 5 of the Dungeon.
You worshipped Trog.
Trog was pleased with you.
You visited 1 branch of the dungeon, and saw 5 of its levels.

You collected 115 gold pieces.

Inventory:

Hand Weapons
 a - a +0 mace (weapon)
Armour
 b - a +0 animal skin (worn)
Jewellery
 f - a ring of resist corrosion (left hand)
Wands
 k - a wand of mindburst (8)
 q - a wand of paralysis (2)
Scrolls
 c - a scroll of teleportation {unknown}
 d - 3 scrolls of identify {unknown}
 e - a scroll of immolation {unknown}
 h - 2 scrolls of amnesia {unknown}
 i - a scroll of fear {unknown}
 j - a scroll of vulnerability {unknown}
 l - 4 scrolls of magic mapping {unknown}
 o - a scroll of enchant weapon {unknown}
 p - a scroll of noise {unknown}
Potions
 g - 5 potions of curing {unknown}
 m - 2 potions of mutation {unknown}
 n - a potion of cancellation {unknown}


   Skills:
 + Level 5.6 Fighting
 * Level 4.8 Maces & Flails
 + Level 3.9 Dodging


You had 5 spell levels left.
You didn't know any spells.
Your spell library was empty.

Dungeon Overview and Level Annotations

Branches:
Dungeon (5/15)             Temple (0/1) D:4

Altars:


Innate Abilities, Weirdness & Mutations

You are too large for most types of armour.
You have tough skin. (AC +1)


Message History

You feel yourself speed up.
You start resting.
You recover from your berserk rage.
You start resting.
A two-headed ogre comes into view. It is wielding two +0 giant clubs.
A two-headed ogre is nearby!
A two-headed ogre is nearby!
Nothing quivered!
The two-headed ogre shouts in stereo!
A red film seems to cover your vision as you go berserk!
You feel yourself moving faster!
You feel mighty!
You closely miss the two-headed ogre.
The two-headed ogre completely misses you.
The two-headed ogre hits you with a +0 giant club!
You sock the two-headed ogre!
The two-headed ogre is lightly wounded.
You barely miss the two-headed ogre.
The two-headed ogre is lightly wounded.
The two-headed ogre misses you.
The two-headed ogre hits you with a +0 giant club!!
You hit the two-headed ogre.
The two-headed ogre is moderately wounded.
You hit the two-headed ogre.
The two-headed ogre is moderately wounded.
The two-headed ogre hits you with a +0 giant club.
The two-headed ogre hits you with a +0 giant club!
You sock the two-headed ogre!
The two-headed ogre is heavily wounded.
The two-headed ogre hits you with a +0 giant club!
* * * LOW HITPOINT WARNING * * *
The two-headed ogre hits you with a +0 giant club!
* * * LOW HITPOINT WARNING * * *
You sock the two-headed ogre!
The two-headed ogre is severely wounded.
You thump the two-headed ogre!
The two-headed ogre is almost dead.
The two-headed ogre hits you with a +0 giant club.
* * * LOW HITPOINT WARNING * * *
The two-headed ogre hits you with a +0 giant club!
You die...

#....... ##+#.
#....... #...
#....... ...
#....... # ...
#....... #. #.#
#......< #.. #.# #
#.......
#...##.###.#
#.......
+.....O@...#
######.#
##...##.##### #.#
............# #.#
#######.###.# #.#
#.# #.# #.# #.# #.#
#.#
#.###.###########.#
#.#...............#
#.#.#.#########.#.#


You could see a two-headed ogre.

Vanquished Creatures
  A scorpion (D:5)
  A centaur skeleton (D:5)
  A hound (D:2)
  Ijyb (D:4)
  A gnoll (D:1)
  6 adders
  3 dart slugs
  3 orcs
  4 bats
  An endoplasm (D:3)
  6 giant cockroaches
  7 goblins
  5 hobgoblins
  5 jackals (D:1)
  4 quokkas
  7 ball pythons
  5 frilled lizards
  4 kobolds
  4 rats
69 creatures vanquished.

Notes
Turn   | Place    | Note
-------+----------+-------------------------------------------
     0 | D:1      | bobregger the Ogre Berserker began the quest for the Orb.
     0 | D:1      | Reached XP level 1. HP: 24/24 MP: 1/1
   220 | D:1      | Reached XP level 2. HP: 32/32 MP: 2/2
   483 | D:1      | Reached XP level 3. HP: 15/40 MP: 3/3
  1406 | D:2      | Reached XP level 4. HP: 40/49 MP: 4/4
  2914 | D:3      | Reached ** piety under Trog
  3015 | D:3      | Reached XP level 5. HP: 53/55 MP: 5/5
  3016 | D:3      | Reached skill level 5 in Fighting
  3990 | D:4      | Noticed Ijyb
  4005 | D:4      | Killed Ijyb
  4060 | D:4      | Found a staircase to the Ecumenical Temple.
  4107 | D:5      | Entered Level 5 of the Dungeon
  4590 | D:5      | Reached XP level 6. HP: 56/66 MP: 6/6
  4686 | D:5      | Noticed a two-headed ogre
  4699 | D:5      | Mangled by a two-headed ogre

Illustrated notes

Levels and vault maps discovered:
D:1:      lightli_arrival_maybe_door_vault, layout_basic
D:2:      layout_basic, minivault_11, minmay_misc_feat_four_crosses,
          minmay_misc_feat_ornament
D:3:      minmay_wonky_spiral, layout_basic
D:4:      minmay_chambers_of_fours, layout_cave_pools, minmay_temple_entry_mist,
          uniq_ijyb, uniq_sigmund, uniq_eustachio
D:5:      layout_basic

Skill      XL: |  1  2  3  4  5 |
---------------+----------------+-----
Maces & Flails | 3 4 |  4.8
Dodging        | 3 |  3.9
Fighting       | 5 |  5.6

Action                   |  1- 3 |  4- 6 || total
-------------------------+-------+-------++-------
Melee: Mace              |    86 |   153 ||   239
       Punch             |     1 |     3 ||     4
Invok: Berserk           |     1 |     4 ||     5
 Stab: Sleeping          |       |     2 ||     2
Armor: Animal skin       |    32 |    56 ||    88
Dodge: Dodged            |    56 |   103 ||   159
